 Dungeon Crawl Stone Soup version 0.29.0-4-gdea44cf6ec (webtiles) character file.

Game seed: 3087507902996242209

20 qw the Shield-Bearer (level 2, -4/19 HPs)
             Began as a Gargoyle Fighter on Sept 9, 2022.
             Slain by Terence
             ... wielding a +4 mace of holy wrath
              (5 damage)
             ... on level 2 of the Dungeon.
             The game lasted 00:00:14 (666 turns).

qw the Shield-Bearer (Gargoyle Fighter)              Turns: 666, Time: 00:00:14

Health: -4/19      AC:  9    Str: 19    XL:     2   Next: 79%
Magic:  2/2        EV:  9    Int:  8    God:
Gold:   47         SH:  4    Dex:  9    Spells: 1/1 levels left

rFire   . . .      SeeInvis .   Y - +0 war axe
rCold   . . .      Faith    .   c - +0 buckler
rNeg    + . .      Spirit   .   b - +0 scale mail
rPois   inf        Reflect  .   (no helmet)
rElec   +          Harm     .   (no cloak)
rCorr   .          Rampage  .   (no gloves)
Will    .....                   (no boots)
Stlth   ..........              (no amulet)
HPRegen 0.06/turn               (no ring)
MPRegen 0.08/turn               (no ring)

@: no status effects
A: sickness immunity, AC +2, negative energy resistance 1, electricity
resistance, torment resistance 1, petrification resistance
a: no special abilities


You were on level 2 of the Dungeon.
You visited 1 branch of the dungeon, and saw 2 of its levels.

You collected 47 gold pieces.


Innate Abilities, Weirdness & Mutations

You are immune to sickness and miasma.
Your stone body is resilient. (AC +2)
You are immune to poison.
You resist negative energy. (rN+)
You are resistant to electric shocks. (rElec)
You are resistant to unholy torment.
You are immune to petrification.


   Skills:
 - Level 3.2 Fighting
 + Level 2.9 Axes
 - Level 3.2 Armour
 - Level 3.2 Shields


You had one spell level left.
You didn't know any spells.
Your spell library was empty.

Inventory:

Hand Weapons
 Y - a +0 war axe (weapon)
Missiles
 e - 3 javelins (quivered)
Armour
 b - a +0 scale mail (worn)
 c - a +0 buckler (worn)
Jewellery
 g - a ring of fire
Scrolls
 a - a scroll of identify
 j - a scroll of teleportation {unknown}
Potions
 d - 2 potions of might
 f - a potion of attraction {unknown}
 h - a potion of mutation {unknown}
 i - a potion of magic {unknown}

Dungeon Overview and Level Annotations

Branches:
Dungeon (2/15)

Altars:

Annotations:
D:2 Terence


Message History

Press: ? - help, Q - select action Shift-Dir - straight line, f/p - ball python You throw a javelin.
The javelin pierces through the ball python!
You kill the ball python!
You see here a +0 ring mail.
You see here a ball python corpse.
You see here a +0 leather armour.
j - a scroll labelled VOZOGI WIKK
Enter note:
e - 6 javelins (gained 2) Terence the Incautious comes into view.
He is wielding a +4 mace of holy wrath.
Throw: 6 javelins
Press: ? - help, Q - select action Shift-Dir - straight line, f - Terence You throw a javelin.
The javelin barely misses Terence.
Throw: 5 javelins
Press: ? - help, Q - select action Shift-Dir - straight line, f/p - Terence You throw a javelin.
The javelin pierces through Terence!
Terence is moderately wounded.
Throw: 4 javelins
Press: ? - help, Q - select action Shift-Dir - straight line, f/p - Terence You throw a javelin.
The javelin pierces through Terence.
Terence is heavily wounded.
Terence looks scornfully at you.
You barely miss Terence.
Terence is heavily wounded.
Terence hits you with a +4 mace of holy wrath!
You hit Terence.
Terence is severely wounded.
Terence hits you with a +4 mace of holy wrath. x2
You closely miss Terence.
Terence is severely wounded.
Terence hits you but does no damage.
You closely miss Terence.
Terence is severely wounded.
Terence hits you with a +4 mace of holy wrath.
You hit Terence but do no damage.
Terence is severely wounded.
You block Terence's attack.
Terence hits you with a +4 mace of holy wrath.
You die...

#.[.....# #.#.###.#
......( #.#.# #.#
....... #.#.# #.#
....... #.#.# #.#
....... #.#.#
#.########.......
#.#.###................
#.#............?@......
#.######.......@...^...
#.# ####...............
#.......[%[......$..
..########.....#####
#.....# #.....# #.....#
....### .#.#.#


You could see Terence.

Vanquished Creatures
  A dart slug (D:1)
  3 endoplasms (D:1)
  A giant cockroach (D:2)
  A goblin (D:1)
  2 hobgoblins (D:1)
  A quokka (D:1)
  4 ball pythons
  2 bats (D:1)
  A frilled lizard (D:1)
  A kobold (D:1)
  A rat (D:1)
18 creatures vanquished.

Notes
Turn   | Place    | Note
-------+----------+-------------------------------------------
     0 | D:1      | qw the Gargoyle Fighter began the quest for the Orb.
     0 | D:1      | Reached XP level 1. HP: 14/14 MP: 1/1
     0 | D:1      | 0 ||| qw: Version: 0.1-a-113-g051387a
     0 | D:1      | 0 ||| qw: Game counter: 7164
     0 | D:1      | 0 ||| qw: Always use a shield: true
     0 | D:1      | 0 ||| qw: God list: Okawaru
     0 | D:1      | 0 ||| qw: Allow faded altars: false
     0 | D:1      | 0 ||| qw: Do Orc after D:15 true
     0 | D:1      | 0 ||| qw: Do second Lair branch before Depths: true
     0 | D:1      | 0 ||| qw: Lair rune preference: random
     0 | D:1      | 0 ||| qw: Plans: Normal, Zot, God:TSO, Crypt, Tomb, Zig,
                  | Orb
     0 | D:1      | 0 ||| PLANNING D:1-11
   169 | D:1      | Found a faded altar of an unknown god.
   183 | D:1      | Reached XP level 2. HP: 18/19 MP: 2/2
   596 | D:1      | 596 ||| READING 2 scrolls labelled NUNIUZO FEEL.
   658 | D:2      | Noticed Terence
   665 | D:2      | HP: 1/19 [Terence/+4 mace of holy wrath (5)]
   666 | D:2      | Slain by Terence

Levels and vault maps discovered:
D:1:      dpeg_arrival_simpleton_c, layout_basic,
          hellmonk_ecumenical_altar_pennies_from_heaven
D:2:      layout_basic, minmay_misc_feat_five, kennysheep_generic_room_8,
          uniq_terence, uniq_sigmund

Skill      XL: |  1 |
---------------+----+-----
Axes           | 2 |  2.9
Fighting       | |  3.2
Armour         | |  3.2
Shields        | |  3.2

Action                   || total
-------------------------++-------
Melee: War axe           ||    29
Throw: Javelin           ||    10
  Use: Scroll            ||     1
Armor: Scale mail        ||    17
Dodge: Dodged            ||     6
Block: Buckler           ||     5

Table legend:
 A = Non-vault XP
 B = Vault XP
 C = Vault XP percentage of total XP
 D = Non-vault monster count
 E = Vault monster count
 F = Vault count percentage of total count
                 A         B        C        D         E       F
            +---------+---------+-------+---------+---------+-------
      Total |      29 |       0 |   0.0 |      18 |       0 |   0.0
            +---------+---------+-------+---------+---------+-------
        D:1 |      26 |       0 |   0.0 |      16 |       0 |   0.0
        D:2 |       3 |       0 |   0.0 |       2 |       0 |   0.0
            +---------+---------+-------+---------+---------+-------
